 Dungeon Crawl Stone Soup version 0.20.1-1-g8b1a95d (webtiles) character file.

35 Blomdor the Stinger (level 3, 0/27 HPs)
             Began as a Barachi Venom Mage on Sept 21, 2017.
             Slain by a gnoll
             ... wielding a +0 whip
              (10 damage)
             ... on level 2 of the Dungeon.
             The game lasted 00:03:45 (1456 turns).

Blomdor the Stinger (Barachi Venom Mage)            Turns: 1456, Time: 00:03:46

Health: 0/27       AC:  5    Str: 10    XL:     3   Next: 35%
Magic:  5/6        EV: 10    Int: 20    God:
Gold:   52         SH:  0    Dex: 12    Spells: 5/6 levels left

rFire    + . .     SeeInvis .   f - +0 hand axe
rCold    + . .     Gourm    .   (no shield)
rNeg     . . .     Faith    .   i - +0 ring mail
rPois    +         Spirit   .   (no helmet)
rElec    +         Reflect  .   (no cloak)
rCorr    +         Harm     .   (no gloves)
MR       .....                  (no boots)
Stlth    +.........             (no amulet)
Regen    0.1/turn               (no ring)
MPRegen  0.1/turn               (no ring)

@: brilliant, resistant, can't hop, slow
A: +LOS, swims, slowness 1, strong legs 1
a: Hop


You were on level 2 of the Dungeon.
You were not hungry.

You visited 1 branch of the dungeon, and saw 2 of its levels.

You collected 52 gold pieces.

Inventory:

Hand Weapons
 f - a +0 hand axe (weapon)
Armour
 i - a +0 ring mail (worn)
Potions
 j - a potion of curing
Books
 b - a Young Poisoner's Handbook

   Spells                             Type                      Level
   a - Sting                          Conjuration/Poison           1
   b - Poisonous Vapours              Poison/Air                   2
   c - Mephitic Cloud                 Conjuration/Poison/Air       3
   d - Olgreb's Toxic Radiance        Poison                       4
   e - Venom Bolt                     Conjuration/Poison           5
Comestibles
 c - 2 bread rations
 g - 2 fruits
 h - a royal jelly


   Skills:
 - Level 2.0 Fighting
 * Level 2.3 Axes
 - Level 2.1 Dodging
 - Level 1.7 Stealth
 - Level 2.1 Spellcasting
 - Level 1.1 Conjurations
 - Level 3.2 Poison Magic


You had 5 spell levels left.
You knew the following spells:

 Your Spells              Type           Power        Failure   Level  Hunger
a - Sting                 Conj/Pois      ###.         1%          1    #......


Dungeon Overview and Level Annotations

Branches:
Dungeon (2/15)

Altars:


Innate Abilities, Weirdness & Mutations

Shadows flee at your approach. (+LOS)
You can swim through water.
You cover ground slowly.
You can hop short distances.


Message History

Boing!
Casting: Sting
Confirm with . or Enter, or press ? or * to list all spells.
Aiming: Sting
Press: ? - help, Shift-Dir - straight line, f - gnoll
Aim: a gnoll, wielding a whip (sparse dust, lightly wounded, poisoned)
The sting hits the gnoll.
The gnoll appears unharmed.
The gnoll is lightly wounded.
The gnoll hits you with a whip.
Unknown command.
Okay, then.
The gnoll looks more healthy.
All of the chunks of flesh in your inventory have rotted away.
Things that are here:
a short sword; a jackal corpse The gnoll hits you with a whip.
The gnoll hits you from afar with a spear.
The gnoll hits you with a whip! The gnoll hits you with a whip!
You die...

###############
#.............####
#.###########..... #.#
#.#### #.# #.# #<# #.#
#@###########.#
#g#.........#.####
#g#.###.##..#.#...
######.#.# #.##..#.#...
#.gg.g...# #.##..#.#.##
#.####.### #.##........
#.####.#####.###.#.#.##
#####g...................#
#.....######.###.#####.#.#


You could see 3 gnolls.

Vanquished Creatures
  An ooze (D:2)
  A ball python (D:1)
  3 bats
  4 giant cockroaches (D:1)
  3 goblins (D:1)
  A hobgoblin (D:1)
  3 jackals (D:2)
  A frilled lizard (D:1)
  5 kobolds
  6 rats
28 creatures vanquished.

Notes
Turn   | Place    | Note
-------+----------+-------------------------------------------
     0 | D:1      | Blomdor the Barachi Venom Mage began the quest for the Orb.
     0 | D:1      | Reached XP level 1. HP: 13/13 MP: 3/3
    26 | D:1      | Reached skill level 1 in Fighting
   349 | D:1      | Reached XP level 2. HP: 19/22 MP: 5/5
   666 | D:1      | Reached skill level 1 in Axes
  1034 | D:1      | Reached XP level 3. HP: 27/27 MP: 6/6
  1456 | D:2      | Slain by a gnoll

Skill      XL: |  1  2  3 |
---------------+----------+-----
Fighting       | 1 2 |  2.0
Axes           | 1 2 |  2.3
Dodging        | |  2.1
Stealth        | |  1.7
Spellcasting   | |  2.1
Conjurations   | |  1.1
Poison Magic   | |  3.2

Action                   || total
-------------------------++-------
Melee: Hand axe          ||    85
       Unarmed           ||     7
 Cast: Sting             ||    12
 Abil: Hop               ||     2
  Use: Scroll            ||     2
       Potion            ||     2
 Stab: Sleeping          ||     3
  Eat: Chunk             ||     2
Armor: Robe              ||    15
       Ring mail         ||    21
Dodge: Dodged            ||    82
